[Event "Sardinia World Festival-A 2024"]
[Site "Orosei"]
[Date "2024.04.29"]
[Round "3.45"]
[White "Maida, Federico"]
[Black "Porcu, Riccardo"]
[Result "1-0"]
[ECO "B11"]
[WhiteElo "1961"]
[BlackElo "1877"]
[Annotator "NA RC"]
[PlyCount "95"]
[EventDate "2024.04.26"]
[EventType "swiss"]
[EventCountry "ITA"]
[SourceTitle "playchess.com"]
[Source "ChessBase"]
[SourceQuality "1"]
[TimeControl "40/5400+30:1800+30"]

1. e4 c6 2. Nc3 d5 3. Nf3 dxe4 4. Nxe4 Bf5 5. Bd3 Bxe4 6. Bxe4 Nf6 7. Bd3 e6 8. O-O Bd6 9. b3 O-O 10. Bb2 Nbd7 11. Re1 Qc7 12. c4 Ng4 13. h3 Nge5 14. Nxe5 Bxe5 15. Qh5 f5 16. Bxe5 Nxe5 17. Bc2 Rae8 18. d4 Qf7 19. Qxf7+ Nxf7 20. Re2 Nd8 21. Rae1 Kf7 22. Re5 g6 23. g4 fxg4 24. hxg4 Ke7 25. d5 Kd7 26. dxc6+ Nxc6 27. R5e3 Rf4 28. f3 e5 29. Be4 Ref8 30. Kg2 R8f6 31. Rh1 Rf7 32. Bd5 Re7 33. Be4 Rf6 34. Rhe1 Ref7 35. Bd5 Rg7 36. Bxc6+ Kxc6 37. Rxe5 Rgf7 38. Re6+ Rxe6 39. Rxe6+ Kc5 40. Kg3 Kb4 41. Re5 b6 42. f4 Ka3 43. Re2 Kb4 44. Rf2 Kc3 45. f5 gxf5 46. gxf5 Kd4 47. Kf4 Kc5 48. Rd2 1-0

[Event "Sardinia World Festival-A 2024"]
[Site "Orosei"]
[Date "2024.04.29"]
[Round "3.46"]
[White "Saivigneash S M"]
[Black "Becker, Martin Alexander"]
[Result "0-1"]
[ECO "D02"]
[WhiteElo "1817"]
[BlackElo "2373"]
[Annotator "TA"]
[PlyCount "54"]
[EventDate "2024.04.26"]
[EventType "swiss"]
[EventCountry "ITA"]
[SourceTitle "playchess.com"]
[Source "ChessBase"]
[SourceQuality "1"]
[TimeControl "40/5400+30:1800+30"]

1. d4 d5 2. Nf3 e6 3. Bf4 Nf6 4. e3 Bb4+ 5. c3 Bd6 6. Nbd2 b6 7. Ne5 O-O 8. Be2 {[%emt 0:01:23] The position is equal.} Bb7 9. O-O c5 10. a4 Nc6 11. Nxc6 Bxc6 12. Bxd6 Qxd6 13. Qb3 e5 14. Nf3 Nd7 (14... exd4 $11 15. exd4 Rfe8) 15. dxe5 Nxe5 16. Nxe5 Qxe5 17. Bf3 Rad8 18. Rfd1 Rd6 19. Qc2 (19. h3 $14) 19... Rfd8 20. b4 Bd7 21. bxc5 bxc5 22. c4 (22. Qb2 $11) 22... Bf5 $15 23. Qe2 Be4 (23... dxc4 $17 {Threatens to win with ...Rxd1+.} 24. Qxc4 Rxd1+ 25. Rxd1 Rxd1+ 26. Bxd1 Qa1) 24. Bxe4 dxe4 25. Rdc1 (25. Rab1 $11) 25... Rd2 {[%emt 0:00:00] Black has more active pieces.} 26. Qg4 {[%emt 0:02:19][%mdl 8192] [#]} (26. Qe1 $15) 26... f5 $2 (26... Qxa1 $1 $19 27. Rxa1 f5) 27. Qf4 $2 {[%emt 0:02:24][%mdl 8192] [#]} (27. Qg5 $15) 27... Qxa1 $3 {[%emt 0:00:00][%mdl 512] Weighted Error Value: White=0.70/Black=0.56.  Loses game:     	White=2     	---        Missed win:     	---       	Black=1      Mistake:       	White=3     	Black=2      OK:         	White=4     	Black=4      Best:        	---       	Black=1} 0-1

[Event "Sardinia World Festival-A 2024"]
[Site "Orosei"]
[Date "2024.04.29"]
[Round "3.47"]
[White "Benoit, Hugues"]
[Black "Melis, Giovanni"]
[Result "1-0"]
[ECO "B06"]
[WhiteElo "1935"]
[BlackElo "1804"]
[Annotator "NA RC"]
[PlyCount "90"]
[EventDate "2024.04.26"]
[EventType "swiss"]
[EventCountry "ITA"]
[SourceTitle "playchess.com"]
[Source "ChessBase"]
[SourceQuality "1"]
[TimeControl "40/5400+30:1800+30"]

1. e4 g6 2. d4 Bg7 3. Nf3 c6 4. Bd3 d5 5. exd5 cxd5 6. c3 Qd6 7. O-O Nh6 8. b3 Nc6 9. Re1 O-O 10. Ne5 Nxe5 11. dxe5 Qc7 12. h3 Kh8 13. Bf4 Be6 14. g4 Rac8 15. a4 Rfd8 16. Ra2 a5 17. Be3 Ng8 18. Bd4 Bd7 19. f4 f5 20. g5 e6 21. Qf3 Bf8 22. h4 Bc5 23. h5 Bxd4+ 24. cxd4 Be8 25. Bb5 Bxb5 26. axb5 Ne7 27. Rh2 Qb6 28. Qd3 a4 29. bxa4 Rc4 30. Rd1 Rdc8 31. Kg2 R8c7 32. Kf3 Qa5 33. Ke2 Qxa4 34. b6 Rxd4 35. Qxd4 Rc2+ 36. Ke3 Qxd4+ 37. Kxd4 Nc6+ 38. Ke3 Rxh2 39. hxg6 Rh3+ 40. Kd2 hxg6 41. Nc3 Rf3 42. Rh1+ Kg7 43. Rh4 Nd4 44. Na4 Ra3 45. Nc3 Nf3+ 1-0

[Event "Sardinia World Festival-A 2024"]
[Site "Orosei"]
[Date "2024.04.29"]
[Round "3.48"]
[White "Botez, Andrea"]
[Black "Botez, Alexandra"]
[Result "0-1"]
[ECO "D02"]
[WhiteElo "1879"]
[BlackElo "1970"]
[Annotator "NA RC"]
[PlyCount "66"]
[EventDate "2024.04.26"]
[EventType "swiss"]
[EventCountry "ITA"]
[SourceTitle "playchess.com"]
[Source "ChessBase"]
[SourceQuality "1"]
[TimeControl "40/5400+30:1800+30"]

1. d4 Nf6 2. Bf4 e6 3. e3 d5 4. Nf3 c5 5. c3 Nc6 6. Nbd2 Bd6 7. Bg3 O-O 8. Bd3 b6 9. Ne5 Qc7 10. f4 cxd4 11. exd4 g6 12. Bf2 a5 13. Qe2 Nh5 14. g3 Nb8 15. a4 f6 16. Nxg6 hxg6 17. Bxg6 Ng7 18. h4 Nc6 19. h5 e5 20. h6 Ne6 21. Qg4 Kh8 22. f5 Ng5 23. O-O Ne7 24. dxe5 Bxe5 25. Qe2 Bxf5 26. Bxf5 Nxf5 27. Kg2 Bxg3 28. Bxb6 Nh4+ 29. Kh1 Qxb6 30. Qd3 Be5 31. Qxd5 Rad8 32. Nc4 Rxd5 33. Nxb6 Rd2 0-1

[Event "Sardinia World Festival-A 2024"]
[Site "Orosei"]
[Date "2024.04.30"]
[Round "4.1"]
[White "Bharath Subramaniyam H"]
[Black "Pichot, Alan"]
[Result "1/2-1/2"]
[ECO "C45"]
[WhiteElo "2544"]
[BlackElo "2644"]
[Annotator "TA"]
[PlyCount "56"]
[EventDate "2024.04.26"]
[EventType "swiss"]
[EventCountry "ITA"]
[SourceTitle "playchess.com"]
[Source "ChessBase"]
[SourceQuality "1"]
[TimeControl "40/5400+30:1800+30"]

1. e4 e5 2. Nf3 Nc6 3. d4 exd4 4. Nxd4 Nf6 5. Nxc6 bxc6 6. Nd2 d5 7. exd5 cxd5 8. Bb5+ Bd7 9. Bxd7+ Qxd7 10. O-O Be7 11. b3 O-O 12. Bb2 Rad8 13. Re1 h6 14. Qf3 Nh7 15. Nf1 Bf6 16. Bxf6 Nxf6 17. Rad1 Rfe8 18. Rxe8+ Rxe8 19. h3 Qe6 20. Ne3 c6 21. c4 dxc4 22. Nxc4 Qe2 23. Qxe2 Rxe2 24. Rd2 Rxd2 {[%emt 0:02:31] The position is equal.} 25. Nxd2 $14 {[%emt 0:00:09] KN-KN} Kf8 26. Nc4 Ke7 27. Kf1 Ke6 28. Ke2 Nd5 {[%emt 0:01:24] Weighted Error Value: White=0.03 (flawless) /Black=0.03 (flawless) .  Inaccurate:     	White=1     	---        OK:         	White=12    	Black=11     Best:        	---       	Black=1} 1/2-1/2

[Event "Sardinia World Festival-A 2024"]
[Site "Orosei"]
[Date "2024.04.30"]
[Round "4.2"]
[White "Moussard, Jules"]
[Black "Mikhalevski, Victor"]
[Result "1/2-1/2"]
[ECO "C70"]
[WhiteElo "2610"]
[BlackElo "2506"]
[Annotator "TA"]
[PlyCount "170"]
[EventDate "2024.04.26"]
[EventType "swiss"]
[EventCountry "ITA"]
[SourceTitle "playchess.com"]
[Source "ChessBase"]
[SourceQuality "1"]
[TimeControl "40/5400+30:1800+30"]

1. e4 e5 2. Nf3 Nc6 3. Bb5 a6 4. Ba4 b5 5. Bb3 Na5 6. Nc3 {[%emt 0:01:23] C70: Ruy Lopez: 3...a6 4 Ba4, Norwegian and Delayed Schliemann.} Nxb3 7. axb3 Bb7 8. O-O d6 9. d4 exd4 10. Qxd4 Ne7 11. Qd3 Nc6 $146 ({Predecessor:} 11... Ng6 12. Be3 Qd7 13. Qd4 c5 14. Qd3 Be7 15. Rfd1 Rc8 16. Nd5 Bd8 17. b4 cxb4 18. Nxb4 {½-½ Saganauer,R (2155)-Zonneveld,W (2037) BI-2015-P-0000}) 12. Nd5 Be7 13. c4 b4 14. Nd4 Nxd4 15. Qxd4 O-O 16. Qd3 c5 17. Bf4 Bf6 18. Nxf6+ Qxf6 19. Qxd6 Qxb2 20. Rfb1 Qc3 21. f3 f5 22. e5 Rac8 23. Bg5 Rfe8 24. Qd7 Bc6 25. Qxf5 Qd4+ 26. Kh1 Bd7 27. Qf4 Qxe5 28. h4 Bf5 29. Qxe5 Rxe5 30. Rb2 h6 31. Bf4 Re6 32. Rd2 h5 33. Kg1 Rf8 34. Bg5 Ra8 35. Ra5 Re1+ 36. Kf2 Rb1 37. Rxc5 Rf8 38. Rd6 Rxb3 39. Rxa6 Rb2+ 40. Kg3 b3 41. Rb6 Bd3 42. Be3 Bf1 43. Bf2 Rd8 $1 44. Rd5 ({Of course not} 44. Rxh5 Bxc4 45. Rb7 Rdd2 46. Rb8+ Kf7 $11) 44... Rxd5 $1 45. cxd5 Rd2 46. Rxb3 Rxd5 47. Rb1 Bd3 48. Rb4 g5 49. Be3 gxh4+ 50. Kxh4 Bf1 51. Rb1 Bb5 52. Bg5 Rd4+ 53. Kg3 ({Don't play} 53. Kxh5 Be8+ 54. Kh6 Rd6+ $15) 53... Rd5 54. Bf4 Kf7 55. Rc1 Kg6 56. Rc7 Rf5 57. Be3 Rf7 58. Rc8 Rf5 59. Kh4 Bf1 60. Rc1 Bb5 61. Rd1 Be2 62. Rd6+ Rf6 63. Rxf6+ Kxf6 64. Kxh5 Bd1 65. Bd2 Be2 66. Bc1 Bd1 67. Be3 Be2 68. Bb6 Kf5 {[%emt 0:04:22] [#]} 69. Bc7 $1 Kf6 70. Bd8+ Kf5 {[%emt 0:00:28] [#]} 71. Bg5 $1 Ke6 72. Bh6 Kf6 73. Bd2 Bd1 74. Ba5 ({Better is} 74. Kg4 $16) 74... Be2 (74... Kf5 $11) 75. Bd8+ (75. Bc7 $16) 75... Kf5 $11 76. Bg5 ({White should play} 76. Bb6 $11) 76... Ke6 $1 $16 77. Kg4 Bf1 78. g3 Be2 79. Bd8 Kf7 80. Kf4 Kg6 81. g4 Ba6 82. Kg3 Bb7 83. f4 Bc8 84. f5+ (84. Bc7 $16) 84... Bxf5 $1 $11 85. gxf5+ Kxf5 1/2-1/2

[Event "Sardinia World Festival-A 2024"]
[Site "Orosei"]
[Date "2024.04.30"]
[Round "4.3"]
[White "Parkhov, Yair"]
[Black "Huschenbeth, Niclas"]
[Result "1-0"]
[ECO "D25"]
[WhiteElo "2513"]
[BlackElo "2607"]
[Annotator "TA"]
[PlyCount "81"]
[EventDate "2024.04.26"]
[EventType "swiss"]
[EventCountry "ITA"]
[SourceTitle "playchess.com"]
[Source "ChessBase"]
[SourceQuality "1"]
[TimeControl "40/5400+30:1800+30"]

1. d4 d5 2. c4 dxc4 3. Nf3 Nf6 4. e3 Bg4 5. Bxc4 e6 6. Nc3 c5 7. Qa4+ Nbd7 $1 8. Ne5 {[%emt 0:01:46] Black must now prevent h3.} (8. d5 {simplifies} a6 9. dxe6 fxe6 10. Qc2) 8... cxd4 {[%emt 0:00:25] White is slightly better.} 9. exd4 {[%emt 0:00:23] [#] Threatens to win with Bg5.} a6 $1 {[%emt 0:00:21] Strongly threatening ...b5.} 10. Nxg4 Nxg4 11. Be2 b5 12. Qb3 Ngf6 13. Bf3 Rc8 14. O-O Bd6 $1 15. h3 (15. Bb7 $5 Bxh2+ 16. Kh1 $14) 15... O-O 16. Be3 Qa5 17. a4 b4 18. Ne4 Nxe4 19. Bxe4 Nf6 20. Bf3 Nd5 21. Bd2 Ne7 22. Qd3 Rc7 {[%emt 0:05:02] Wards off Bb7} 23. b3 Rfc8 24. Be2 Rc6 25. Rac1 Nd5 26. Rxc6 Rxc6 27. Qe4 Qd8 28. Bd3 {[%emt 0:06:51] This pair of bishops is nice.} g6 29. Bc4 Bf8 30. Bf4 a5 31. Be5 Rc8 32. Re1 Qd7 33. h4 h5 (33... Nb6 {might be stronger.} 34. Ba6 Rc3) 34. g4 $11 hxg4 35. Qxg4 {[%emt 0:00:12] [#] h5 is the strong threat.} Bg7 $2 (35... Bh6 $16) 36. h5 $18 Bxe5 37. dxe5 (37. Rxe5 $18 Nf6 38. Qg3 Rxc4 39. bxc4 Qxa4 40. Kg2 (40. hxg6 Qa1+ 41. Kg2 Qxd4 $18)) 37... Ne7 (37... Nb6 $1 $14) 38. Rd1 $16 {[%emt 0:00:26] White is more active.} Qe8 (38... Qc7 $16 {keeps fighting.}) 39. Qg5 $18 Rd8 $2 (39... Nd5 40. hxg6 fxg6) 40. Rd6 {[%emt 0:00:43] aiming for hxg6.} Rxd6 41. exd6 {[%emt 0:30:06] Weighted Error Value: White=0.12 (very precise) /Black=0.27 (precise) .  Loses game:     	---       	Black=1      Missed win:     	White=1     	---        Mistake:       	---       	Black=4      Inaccurate:     	White=1     	Black=1      OK:         	White=10    	Black=14     Best:        	White=3     	Black=1      Strong:       	---       	Black=3} 1-0

[Event "Sardinia World Festival-A 2024"]
[Site "Orosei"]
[Date "2024.04.30"]
[Round "4.4"]
[White "Sonis, Francesco"]
[Black "Kilic, Eray"]
[Result "1/2-1/2"]
[ECO "D02"]
[WhiteElo "2562"]
[BlackElo "2429"]
[Annotator "TA"]
[PlyCount "156"]
[EventDate "2024.04.26"]
[EventType "swiss"]
[EventCountry "ITA"]
[SourceTitle "playchess.com"]
[Source "ChessBase"]
[SourceQuality "1"]
[TimeControl "40/5400+30:1800+30"]

1. Nf3 d5 2. g3 Nc6 3. d4 Bf5 4. Bg2 Nb4 5. Na3 e6 6. O-O Nc6 7. Nb1 Nb4 {[%emt 0:00:05] D02: 1 d4 d5 2 Nf3 sidelines, including 2...Nf6 3 g3 and 2...Nf6 3 Bf4.} 8. Ne1 Nf6 9. c3 Nc6 10. Nd2 h6 11. Nd3 Be7 $146 ({Predecessor:} 11... Ng4 12. h3 Nf6 13. Re1 Be7 14. Nf3 O-O 15. Bf4 Nd7 16. g4 Be4 17. a4 Bd6 18. Bxd6 cxd6 19. Qd2 f5 {0-1 Kirchmann,G (1311)-Moeller,B (1589) GER Seniors Derby 07th 2008 (2.19)}) 12. Re1 O-O 13. a4 Re8 14. a5 a6 15. b4 Na7 16. Bb2 Nb5 17. Qb3 Nd6 18. f3 Bxd3 19. exd3 b6 20. axb6 cxb6 21. Ra4 b5 22. Ra2 Qb6 23. f4 Nb7 24. Rea1 a5 25. bxa5 Rxa5 26. c4 Rxa2 27. Rxa2 Na5 28. Qxb5 Qxb5 29. cxb5 Rb8 30. Rxa5 (30. Bc3 $5 Nb7 $8 31. Ra7 $11) 30... Bb4 31. Nb3 Bxa5 32. Nxa5 Rxb5 33. Bc3 Ng4 34. Bf3 Rb1+ 35. Kg2 Rc1 36. Bxg4 Rxc3 37. Be2 Kf8 38. Kf2 Ke7 39. Ke3 Kd7 40. Nb7 Rc2 41. Nc5+ Kd6 42. Nb3 Rb2 43. Nd2 $1 Ke7 44. Nf3 h5 45. h3 g6 46. Ne5 Ra2 47. Bf3 Ra8 48. g4 hxg4 49. hxg4 Kf6 50. f5 gxf5 51. gxf5 Kxf5 52. Nxf7 Ra1 53. Ne5 Rg1 54. Kf2 Rg7 55. Bg2 Rh7 56. Kg3 Rg7+ 57. Kf3 Rh7 58. Ke3 Rh8 59. Bf1 Rh7 60. Be2 Rg7 61. Bh5 Rg3+ 62. Kd2 Rg5 63. Be8 Kf6 64. Ba4 Rg1 65. Kc3 Rc1+ 66. Kd2 Rg1 67. Bd7 Rg3 68. Kc3 Rg1 69. Kb4 Rc1 70. Kb5 Rc3 71. Kb6 Kf5 72. Kb5 Kf6 73. Be8 Kf5 74. Bf7 Kf4 75. Bxe6 Ke3 76. Nc6 Kxd3 77. Bxd5 Rxc6 78. Kxc6 Kxd4 1/2-1/2

[Event "Sardinia World Festival-A 2024"]
[Site "Orosei"]
[Date "2024.04.30"]
[Round "4.5"]
[White "Rozen, Eytan"]
[Black "Fedoseev, Vladimir"]
[Result "0-1"]
[ECO "A40"]
[WhiteElo "2499"]
[BlackElo "2690"]
[Annotator "TA"]
[PlyCount "116"]
[EventDate "2024.04.26"]
[EventType "swiss"]
[EventCountry "ITA"]
[SourceTitle "playchess.com"]
[Source "ChessBase"]
[SourceQuality "1"]
[TimeControl "40/5400+30:1800+30"]

1. d4 e6 2. c4 b6 3. e4 Bb7 4. Bd3 Bb4+ 5. Kf1 f5 6. exf5 Nf6 7. Nc3 {[%emt 0:04:10] A40: Unusual replies to 1 d4.} O-O 8. Nf3 exf5 9. Bxf5 Bxc3 10. bxc3 Ne4 11. Bxe4 Bxe4 12. Ng5 Bg6 $146 ({Predecessor:} 12... Bf5 13. g4 Bg6 14. h4 Qf6 15. Rh2 h6 16. h5 hxg5 17. hxg6 Qxg6 18. Rh5 Nc6 19. Bxg5 {0-1 Palliser,R (2456)-Edouard,R (2653) BCF-chT1c 1314 (4NCL) Promotion pool 2013 (9.113)}) 13. h4 Qf6 14. Be3 Nc6 15. h5 Rae8 16. Qe2 Bf5 17. Re1 h6 18. Nh3 Na5 19. Nf4 Bh7 20. Ng6 Bxg6 21. hxg6 Qxg6 22. Rh4 Qf7 23. d5 Qf6 24. Rd4 Nb7 25. Kg1 Nd6 26. Qd3 Qf5 27. Qxf5 (27. Qd1 $15) 27... Nxf5 $17 28. Rdd1 g5 (28... Nxe3 $17 29. Rxe3 Rxe3 30. fxe3 g5) 29. Bd4 $15 Kf7 30. Kf1 h5 31. f3 d6 32. Kf2 Kg6 33. a4 {[%emt 0:03:25] [#]} (33. Rxe8 $17 Rxe8 34. a3) 33... g4 $1 $19 34. Rxe8 $2 {[%emt 0:01:46] [#]} (34. Kg1 {keeps fighting.}) 34... g3+ $1 $19 ({Less strong is} 34... Rxe8 35. fxg4 hxg4 36. a5 $17) 35. Ke2 Rxe8+ 36. Kd3 h4 37. Rh1 Kg5 38. Kd2 Re7 (38... Nxd4 $142 39. cxd4 a6) 39. Rh3 $19 Rf7 (39... Kf4 40. Bf6 Rh7 41. Bd8 $11) 40. Rh1 $2 (40. Ke2) 40... Rh7 41. Rh3 Ne7 42. Be3+ Kf5 43. Kd3 Ng6 44. Kd4 Rh8 45. Kd3 a6 (45... Ne5+ 46. Kd4 $19) 46. Bd2 Re8 47. Rh1 Ra8 48. f4 $2 (48. Ke2) 48... Re8 $19 ({Stronger than} 48... Nxf4+ 49. Bxf4 Kxf4 50. Rxh4+ Kf5 51. Rh7 $14) 49. a5 bxa5 50. c5 dxc5 51. c4 a4 ({Weaker is} 51... Nxf4+ 52. Bxf4 Kxf4 53. Rxh4+ Kg5 54. Rh7 $11) 52. Ra1 Nxf4+ 53. Bxf4 Kxf4 54. Rf1+ Kg5 55. Rf7 a3 56. Rg7+ Kf6 57. Rxc7 h3 58. Rc6+ Ke5 0-1

[Event "Sardinia World Festival-A 2024"]
[Site "Orosei"]
[Date "2024.04.30"]
[Round "4.6"]
[White "Sjugirov, Sanan"]
[Black "Velten, Paul"]
[Result "0-1"]
[ECO "C02"]
[WhiteElo "2689"]
[BlackElo "2481"]
[Annotator "TA"]
[PlyCount "118"]
[EventDate "2024.04.26"]
[EventType "swiss"]
[EventCountry "ITA"]
[SourceTitle "playchess.com"]
[Source "ChessBase"]
[SourceQuality "1"]
[TimeControl "40/5400+30:1800+30"]

1. e4 e6 2. d4 d5 3. e5 c5 4. c3 Nc6 5. Nf3 Bd7 6. Be2 Nge7 7. O-O cxd4 8. cxd4 Nf5 9. Nc3 a6 10. Kh1 Rc8 11. Rb1 Be7 {[%emt 0:07:52] The position is equal.} 12. g4 Nh4 13. Nxh4 Bxh4 14. f4 Be7 15. Be3 Na5 (15... O-O $11) 16. f5 Nc4 17. Bxc4 (17. Qd3 {looks sharper.} O-O 18. f6 gxf6 19. exf6 Bxf6 20. Bh6) 17... Rxc4 18. Qf3 Qa5 19. a3 Kd8 20. fxe6 Bxe6 21. Ne2 Kd7 22. Nf4 Rf8 23. Rf2 Qb5 24. Rbf1 Rcc8 25. Qd1 h6 26. h3 Kc7 27. Nh5 Rg8 28. Rxf7 $2 (28. Qe2 $11) 28... Bxf7 $17 29. Rxf7 Rcf8 (29... Rgf8 $1 $19 {[%cal Rf8f7] and Black stays clearly on top.} 30. a4 (30. Rxe7+ $2 Kd8 $19) 30... Qxb2 31. Rxf8 (31. Rxe7+ Kb8 $19) 31... Bxf8) 30. Qf3 Kb8 31. e6 (31. Nxg7 $2 Rxf7 32. Nf5 (32. Qxf7 $2 Rf8 $19) 32... Qxb2 $19) 31... g5 (31... Ka7 $1 $17 32. Nf4 (32. Nxg7 $2 Rxf7 33. exf7 Rxg7 $19) 32... Bd6 (32... Rxf7 33. exf7 Rd8 34. Ng6 $11)) 32. Bg1 (32. Qg3+ $11 Ka7 33. Rxe7 Rf1+ 34. Kh2) 32... Ka8 ({Black should try} 32... Ka7 $1 $17 {Hoping for ...Rxf7.} 33. a4 Qc6) 33. Ng3 $2 {[%emt 0:00:04] Now White is beyond hope.} (33. Nf6 Bxf6 34. Qxf6 Rc8 $17) (33. Qe3 $11 Bd8 34. Ng7 Qxb2 35. Nf5) 33... Rxf7 34. Qxf7 (34. exf7 Rf8 35. b4 Qd7 $15) 34... Re8 {[%emt 0:03:50][%cal Oe7d6] And now ...Bd6! would win.} 35. Nf5 {[%emt 0:00:40] [#]} Bf8 36. a4 Qxa4 {[%emt 0:02:22] White must now prevent ...Qb5.} 37. e7 {[%emt 0:00:03] [#]} Bxe7 38. Ng7 (38. Nxe7 $2 {is the wrong capture.} Qd7 39. Qf5 Qxe7 $19 (39... Rxe7 $2 40. Qxd7 Rxd7 41. Kg2 $19)) 38... Rc8 39. Qxe7 Qb3 40. Qe3 (40. Kg2 {only move.}) 40... Qxb2 $19 41. Qe5 Rc3 42. Nf5 Qc2 {[%emt 0:03:36] Strongly threatening ...Qd1.} ({Weaker is} 42... Rxh3+ 43. Bh2 Ka7 44. Qb8+ Kb6 45. Qc7+ Ka7 46. Qb8+ Kb6 47. Qc7+ Ka7 48. Qb8+ $11) 43. Ng3 $2 (43. Ne3 Qe4+ 44. Kh2) 43... Qd3 {[%emt 0:00:34] ( -> ...Qf3+). Active counter play!} 44. Bf2 Qf3+ 45. Kg1 Rc1+ 46. Be1 Ka7 (46... Rc2 $142 47. Ne2 Rxe2 (47... Qxe2 $2 48. Qxe2 Rxe2 49. Ba5 $19)) 47. Nf1 Qxh3 48. Qe2 Qb3 49. Ne3 Ra1 50. Ng2 a5 51. Qe5 (51. Qe7 $142 Qc2 52. Qe6) 51... a4 {[%emt 0:01:20] Threatens to win with ...Rc1.} 52. Kh2 Rc1 53. Bg3 Rc8 {[%emt 0:00:40] ...a3 would now be deadly.} 54. Qe1 Rc3 {[%emt 0:01:58] ...a3 is the strong threat.} 55. Qe5 {[%emt 0:04:05] [#]} Rxg3 $1 {[%emt 0:02:10][%mdl 512] Black mates.} 56. Qxg3 Qxg3+ 57. Kxg3 {[%emt 0:00:02] [#]} a3 $1 58. Ne3 a2 59. Nc2 Kb6 {[%emt 0:00:25] Weighted Error Value: White=0.75/Black=0.46.  Loses game:     	White=1     	---        Mistake:       	White=5     	Black=4      Inaccurate:     	White=5     	Black=4      OK:         	White=10    	Black=16     Best:        	White=4     	Black=2      Brilliant:      	---       	Black=1} 0-1

[Event "Sardinia World Festival-A 2024"]
[Site "Orosei"]
[Date "2024.04.30"]
[Round "4.7"]
[White "Lagarde, Maxime"]
[Black "Zhalmakhanov, Ramazan"]
[Result "1/2-1/2"]
[ECO "C79"]
[WhiteElo "2640"]
[BlackElo "2490"]
[Annotator "TA"]
[PlyCount "31"]
[EventDate "2024.04.26"]
[EventType "swiss"]
[EventCountry "ITA"]
[SourceTitle "playchess.com"]
[Source "ChessBase"]
[SourceQuality "1"]
[TimeControl "40/5400+30:1800+30"]

1. e4 e5 2. Nf3 Nc6 3. Bb5 a6 4. Ba4 Nf6 5. O-O d6 6. Re1 Bd7 7. c4 Bg4 8. d4 {[%emt 0:05:38] d5 would now be deadly.} Nd7 {[%emt 0:08:27] The position is equal.} 9. d5 Nd4 10. Be3 Nxf3+ 11. gxf3 Bh5 12. Nd2 Be7 13. Nf1 O-O 14. Ng3 Bg6 15. Kh1 Nf6 16. Bc2 {[%emt 0:19:37] White did not feel at home in the position after the opening.   Weighted Error Value: White=0.11 (very precise) /Black=0.02 (flawless) .  OK:         	White=3     	Black=8} 1/2-1/2

[Event "Sardinia World Festival-A 2024"]
[Site "Orosei"]
[Date "2024.04.30"]
[Round "4.8"]
[White "Dardha, Daniel"]
[Black "Agmanov, Zhandos"]
[Result "1-0"]
[ECO "A17"]
[WhiteElo "2630"]
[BlackElo "2458"]
[Annotator "TA"]
[PlyCount "63"]
[EventDate "2024.04.26"]
[EventType "swiss"]
[EventCountry "ITA"]
[SourceTitle "playchess.com"]
[Source "ChessBase"]
[SourceQuality "1"]
[TimeControl "40/5400+30:1800+30"]

1. Nf3 Nf6 2. c4 e6 3. Nc3 d5 4. e3 Bd6 5. b3 O-O 6. Bb2 Re8 7. Nb5 Be7 8. Be5 {[%emt 0:00:27] The position is equal.} Na6 9. h3 c6 10. Nc3 Nc5 11. Qc2 Nfe4 12. d3 Nxc3 13. Bxc3 a5 14. Be2 b5 15. O-O b4 16. Bb2 a4 17. Bd4 Nd7 18. bxa4 Qa5 19. cxd5 cxd5 20. Rfc1 Bd6 21. e4 Qxa4 22. Qd2 e5 23. Bb2 Bb7 (23... d4 $15) 24. d4 $11 dxe4 25. Nxe5 Bd5 26. Nc4 {[%emt 0:03:54] Prevents Nb6} Bf8 27. Qg5 Bb7 (27... Qb5 $11 {should be considered.}) 28. d5 {[%emt 0:01:38] aiming for Ne3.} h6 (28... Qb5 $14) 29. Qf5 $16 {[%emt 0:00:21] And now Bh5 would win.} Rad8 $2 {[%emt 0:00:42][%mdl 8192] [#]} (29... Be7 $16 {is more resistant.} 30. d6 (30. Qxe4 Bf6 $14) 30... g6) 30. Bh5 $1 $18 {[%emt 0:00:59] White is clearly winning.} Bxd5 31. Qxd5 Ne5 32. Qb7 {[%emt 0:03:00] Weighted Error Value: White=0.06 (flawless) /Black=0.32.  Loses game:     	---       	Black=1      Mistake:       	---       	Black=3      Inaccurate:     	White=4     	Black=1      OK:         	White=12    	Black=10     Best:        	White=1     	---        Strong:       	White=1     	---} 1-0

[Event "Sardinia World Festival-A 2024"]
[Site "Orosei"]
[Date "2024.04.30"]
[Round "4.9"]
[White "Bronstein, Or"]
[Black "Chigaev, Maksim"]
[Result "0-1"]
[ECO "E44"]
[WhiteElo "2458"]
[BlackElo "2621"]
[Annotator "RC"]
[PlyCount "149"]
[EventDate "2024.04.26"]
[EventType "swiss"]
[EventCountry "ITA"]
[SourceTitle "playchess.com"]
[Source "ChessBase"]
[SourceQuality "1"]
[TimeControl "40/5400+30:1800+30"]

1. d4 Nf6 2. c4 e6 3. Nc3 Bb4 4. e3 b6 5. Nge2 Ne4 6. Bd2 Nxd2 7. Qxd2 Bb7 8. a3 Be7 9. d5 a5 10. g3 O-O 11. Bg2 e5 12. Qc2 d6 13. h4 Nd7 14. O-O-O Nc5 15. g4 a4 16. g5 f5 17. f4 Ra5 18. Kb1 Qe8 19. Nb5 Bd8 20. Ng3 Ba6 21. Bf1 Bc8 22. Bh3 g6 23. h5 exf4 24. exf4 Qe3 25. Ne2 Qe4 26. Ned4 Bd7 27. Bg2 Qxc2+ 28. Kxc2 Nb3 29. Ne6 Bxe6 30. dxe6 Kg7 31. hxg6 hxg6 32. Rh6 Rh8 33. Rxh8 Kxh8 34. Nxc7 Rc5 35. Nd5 Rxc4+ 36. Kb1 Kg7 37. e7 Bxe7 38. Nxe7 Rxf4 39. Bd5 Rg4 40. Nc8 Rxg5 41. Nxb6 Nc5 42. Bc6 Rg4 43. Rxd6 g5 44. Rd5 Rg1+ 45. Ka2 Nb3 46. Bxa4 Nc1+ 47. Kb1 g4 48. Kc2 f4 49. Rg5+ Kh6 50. Rg8 Kh7 51. Rf8 f3 52. Nd5 Ne2 53. Kd2 Kg7 54. Rf5 Ng3 55. Rf4 Nh5 56. Rd4 g3 57. Ne3 g2 58. Rg4+ Kh6 59. Bc6 Nf6 60. Nf5+ Kh5 61. Rg3 Rf1 62. Ng7+ Kh6 63. Nf5+ Kh7 64. Rh3+ Nh5 65. Rxh5+ Kg6 66. Nh4+ Kxh5 67. Nxf3 Kh6 68. Ng1 Rxg1 69. Bxg2 Rxg2+ 70. Kc3 Rg4 71. b4 Kg6 72. a4 Kf6 73. a5 Ke6 74. Kb3 Kd6 75. Ka4 0-1